 Dungeon Crawl Stone Soup version 0.29.1-1-gd02db6906a (webtiles) character file.

Game seed: 13848744929268304215

100 FastidiousMonk the Magician (level 4, 0/33 HPs)
             Began as a Hill Orc Fire Elementalist on Oct 2, 2022.
             Slain by a gnoll
             ... wielding a +0 halberd
              (15 damage)
             ... on level 3 of the Dungeon.
             The game lasted 00:21:24 (2550 turns).

FastidiousMonk the Magician (HOFE)                  Turns: 2550, Time: 00:21:25

Health: 0/33       AC:  5    Str: 10    XL:     4   Next: 74%
Magic:  6/9        EV: 12    Int: 23    God:
Gold:   156        SH:  0    Dex: 11    Spells: 9/10 levels left

rFire   . . .      SeeInvis .   a - +0 short sword
rCold   . . .      Faith    .   (no shield)
rNeg    . . .      Spirit   .   t - +0 robe
rPois   .          Reflect  .   k - +0 helmet
rElec   .          Harm     .   (no cloak)
rCorr   .          Rampage  .   d - +0 pair of gloves
Will    .....                   w - +0 pair of boots
Stlth   ++........              (no amulet)
HPRegen 0.11/turn               m - +6 ring of intelligence
MPRegen 0.11/turn               h - +4 ring of slaying

@: no status effects
A: no striking features
a: no special abilities


You were on level 3 of the Dungeon.
You visited 1 branch of the dungeon, and saw 3 of its levels.

You collected 156 gold pieces.

Inventory:

Hand Weapons
 a - a +0 short sword (weapon)
 s - a +0 antimagic dagger
 u - a +0 sling
Missiles
 y - 5 curare-tipped darts
Armour
 d - a +0 pair of gloves (worn)
 k - a +0 helmet (worn)
 t - a +0 robe (worn)
 w - a +0 pair of boots (worn)
Jewellery
 h - a +4 ring of slaying (right hand)
 m - a +6 ring of intelligence (left hand)
 o - a ring of fire
Wands
 v - a wand of digging (5)
Scrolls
 e - 2 scrolls of fear {unknown}
 j - 2 scrolls of teleportation {unknown}
 l - 2 scrolls of amnesia
 p - 2 scrolls of identify
 r - a scroll of magic mapping {unknown}
Potions
 b - a potion of magic
 c - a potion of haste {unknown}
 f - 2 potions of flight
 g - 3 potions of curing {unknown}
 i - a potion of ambrosia {unknown}
 n - a potion of brilliance {unknown}
 q - 2 potions of cancellation
 x - a potion of heal wounds {unknown}


   Skills:
 - Level 1.5 Dodging
 - Level 1.5 Stealth
 + Level 3.6 Spellcasting
 - Level 1.0 Conjurations
 - Level 3.3 Fire Magic


You had 9 spell levels left.
You knew the following spells:

 Your Spells              Type           Power      Damage    Failure   Level
a - Foxfire               Conj/Fire      56%        2x1d6     4%          1

Your spell library contained the following spells:

 Spells                   Type           Power      Damage    Failure   Level
 Scorch                   Fire           38%        2d7       4%          2
 Conjure Flame            Conj/Fire      14%        6-21      14%         3
 Inner Flame              Hex/Fire       11%        N/A       17%         3
 Summon Guardian Golem    Hex/Summ       4%         N/A       32%         3
 Flame Wave               Conj/Fire      14%        2d6       41%         4
 Orb of Destruction       Conj           4%         9d5       100%        7
 Spellforged Servitor     Conj/Summ      3%         N/A       100%        7


Dungeon Overview and Level Annotations

Branches:
Dungeon (3/15)

Altars:

Annotations:
D:2 Altars-UnknownGod


Message History

You conjure some foxfire!
Your foxfire dissipates!
The foxfire hits the gnoll.
The gnoll is moderately wounded.
Your foxfire dissipates!
Casting: Foxfire (safe; 4% risk of failure)
Press: ? - help, Q - select action, (/) - cycle Dir - look around, f - activate You conjure some foxfire!
The foxfire hits the jackal.
The jackal is heavily wounded.
The jackal misses you.
You closely miss the jackal.
The jackal is heavily wounded.
The gnoll hits you from afar with a +0 halberd.
The jackal bites you but does no damage.
You miss the jackal.
The jackal is heavily wounded.
The jackal barely misses you. The gnoll closely misses you.
The jackal bites you but does no damage.
You barely miss the jackal.
The jackal is heavily wounded.
The gnoll hits you from afar with a +0 halberd.
The jackal bites you but does no damage.
Your foxfire dissipates!
The jackal closely misses you. The jackal barely misses you.
Casting: Foxfire (safe; 4% risk of failure)
Press: ? - help, Q - select action, (/) - cycle Dir - look around, f - activate You conjure some foxfire!
The jackal barely misses you.
The jackal bites you but does no damage.
The gnoll hits you from afar with a +0 halberd!
The jackal bites you but does no damage.
Your foxfire dissipates!
The jackal attacks as you move away! The jackal closely misses you. x2
You closely miss the jackal.
The jackal is moderately wounded.
The jackal barely misses you. The jackal closely misses you.
The gnoll hits you from afar with a +0 halberd!
You die...

#. # #. #. # .. #.# #. # #..
#.# ####.### #.# #.#
.#....... #..##.# #.#.#....#
#..#.# #####.#.#.....
#...#####...#.#.#....#
#..h@.##.#..........+
##g##....#..........#
#.#####............. #g#
#..........###
##.######.#####.#...........
........†.......#..........#
.#.######.#######..#.......#
#.# #..#.......#
#.#######..#...#....


You could see a gnoll and a jackal.

Vanquished Creatures
  4 adders
  A worm (D:2)
  4 dart slugs
  5 endoplasms
  A giant cockroach (D:1)
  3 goblins
  3 hobgoblins
  4 jackals (D:3)
  8 kobolds
  2 quokkas
  8 ball pythons
  A bat (D:3)
  2 frilled lizards
  6 rats
52 creatures vanquished.

Vanquished Creatures (others)
  112 foxfires
112 creatures vanquished.

Grand Total: 164 creatures vanquished

Notes
Turn   | Place    | Note
-------+----------+-------------------------------------------
     0 | D:1      | FastidiousMonk the Hill Orc Fire Elementalist began the
                  | quest for the Orb.
     0 | D:1      | Reached XP level 1. HP: 14/14 MP: 3/3
   219 | D:1      | Reached XP level 2. HP: 12/20 MP: 3/5
  1012 | D:1      | Reached XP level 3. HP: 26/26 MP: 4/6
  1629 | D:2      | Found a faded altar of an unknown god.
  2031 | D:2      | Reached XP level 4. HP: 32/33 MP: 8/8
  2550 | D:3      | Slain by a gnoll

Illustrated notes

Levels and vault maps discovered:
D:1:      evilmike_arrival_home_sweet_home, layout_basic
D:2:      layout_loops_cross, hellmonk_ecumenical_altar_lost_god,
          corexii_corridor_pit
D:3:      lemuel_castle_with_subvaults [lemuel_castle_interior_original],
          layout_basic, minmay_joined_circles, uniq_terence

Skill      XL: |  1  2  3 |
---------------+----------+-----
Spellcasting   | 2 3 |  3.6
Dodging        | |  1.5
Stealth        | |  1.5
Conjurations   | |  1.0
Fire Magic     | |  3.3

Action                   |  1- 3 |  4- 6 || total
-------------------------+-------+-------++-------
Melee: Unarmed           |    31 |       ||    31
       Short sword       |    16 |    12 ||    28
Throw: Stone             |     2 |       ||     2
 Cast: Foxfire           |    46 |    26 ||    72
  Use: Scroll            |       |     3 ||     3
 Stab: Sleeping          |     1 |       ||     1
Armor: Robe              |     9 |     8 ||    17
Dodge: Dodged            |    35 |    22 ||    57
